 Dungeon Crawl Stone Soup version 0.28.0-53-g5a82cb258f (webtiles) character file.

Game seed: 162790224350202302

136 clackabat the Skirmisher (level 5, -9/54 HPs)
             Began as a Gargoyle Monk on July 12, 2022.
             Was a Priest of Sif Muna.
             Mangled by a goblin
             ... wielding the +6 dagger of Sloth {vamp, rPois rF+ rC+ Stlth+}
             ... led by Robin
              (12 damage)
             ... on level 2 of the Dungeon.
             The game lasted 00:07:24 (2956 turns).

clackabat the Skirmisher (Gargoyle Monk)            Turns: 2956, Time: 00:07:25

Health: -9/54      AC: 29    Str: 12 (14) XL:     5   Next: 19%
Magic:  5/5        EV:  2    Int: 17 (19) God:    Sif Muna [***...]
Gold:   124        SH:  0    Dex: 11 (12) Spells: 4/4 levels left

rFire   . . .      SeeInvis .   l - +1 mace (protect)
rCold   . . .      Faith    .   (no shield)
rNeg    + . .      Spirit   .   (armour currently unavailable)
rPois   ∞          Reflect  .   (helmet currently unavailable)
rElec   .          Harm     .   (cloak currently unavailable)
rCorr   .          Rampage  .   (gloves currently unavailable)
Will    .....      NoTele   +   (boots currently unavailable)
Stlth   ++........              (no amulet)
HPRegen 0.18/turn               q - +6 ring of intelligence
MPRegen 0.09/turn               (no ring)

@: tree-form, under a protective aura, hasted, very quick
A: stationary, stasis, torment immunity, boosted hp, sickness immunity, AC +4,
negative energy resistance 1, (electricity resistance), torment resistance 1,
petrification resistance
a: Renounce Religion, Channel Magic, Forget Spell


You were on level 2 of the Dungeon.
You worshipped Sif Muna.
Sif Muna was most pleased with you.
You were a tree.
You visited 1 branch of the dungeon, and saw 2 of its levels.

You collected 124 gold pieces.

Inventory:

Hand Weapons
 a - a +0 mace
 f - a +0 whip
 g - a +0 flail
 l - a +1 mace of protection (weapon)
Missiles
 i - 61 stones (quivered)
Armour
 b - a +0 robe
 n - a +0 leather armour (melded)
Jewellery
 q - a +6 ring of intelligence (left branch)
Scrolls
 h - a scroll of identify {unknown}
 k - a scroll of magic mapping {unknown}
 o - a scroll of immolation {unknown}
Potions
 c - a potion of degeneration
 m - 2 potions of curing {unknown}
 p - a potion of attraction {unknown}


   Skills:
 - Level 5.6 Fighting
 * Level 3.8 Maces & Flails
 - Level 2.4 Dodging
 - Level 2.1 Stealth


You had 4 spell levels left.
You didn't know any spells.
Your spell library was empty.

Dungeon Overview and Level Annotations

Branches:
Dungeon (2/15)

Altars:
Qazlal
Sif Muna

Annotations:
D:2 Robin


Innate Abilities, Weirdness & Mutations

You are a tree.
Your roots penetrate the ground, keeping you stationary.
You cannot be teleported.
You are immune to unholy pain and torment.
Your maximum health is greatly increased.
Your equipment is partially melded.
You are immune to sickness and miasma.
((Your stone body is resilient. (AC +4)))
You are immune to poison.
You resist negative energy. (rN+)
((You are resistant to electric shocks. (rElec)))
You are resistant to unholy torment.
You are immune to petrification.


Message History

Robin is almost dead.
The goblin hits you with the +6 dagger of Sloth {vamp, rPois rF+ rC+ Stlth+}.
Robin hits you but does no damage.
You hit Robin.
Robin is almost dead.
The goblin hits you with the +6 dagger of Sloth {vamp, rPois rF+ rC+ Stlth+}!
* * * LOW HITPOINT WARNING * * *
Robin barely misses you. The goblin hits you but does no damage.
You hit Robin but do no damage.
Robin is almost dead.
Robin drinks a potion.
Robin is healed!
The goblin hits you but does no damage.
You closely miss Robin. Robin hits you with a +0 whip.
* * * LOW HITPOINT WARNING * * *
The goblin hits you with the +6 dagger of Sloth {vamp, rPois rF+ rC+ Stlth+}.
* * * LOW HITPOINT WARNING * * *
It was a potion of degeneration.
There was something very wrong with that liquid.
You feel weakened.
You feel dopey.
You feel clumsy. The goblin hits you but does no damage.
It was a potion of haste.
You feel yourself speed up. Robin hits you but does no damage.
The goblin closely misses you.
It was a potion of lignification.
You turn into a tree.
Your +0 leather armour melds into your body.
Your roots penetrate the ground.
Robin hits you but does no damage. The goblin completely misses you.
You hit Robin.
Your weapon exudes an aura of protection.
Robin is moderately wounded.
You completely miss Robin.
Robin is moderately wounded.
The goblin completely misses you.
You hit Robin.
Robin is moderately wounded.
The goblin hits you with the +6 dagger of Sloth {vamp, rPois rF+ rC+ Stlth+}.
* * * LOW HITPOINT WARNING * * *
You closely miss Robin.
Robin is moderately wounded.
The goblin no longer looks unusually strong.
The goblin hits you with the +6 dagger of Sloth {vamp, rPois rF+ rC+ Stlth+}!
You die...

#.# #)#
##....###.....
#.# #.#
#..#.........#
####.# #.#
#.....########
#....#
#.####.....#
#.####
#.......#..#
#.#
######.....###
#.#####
#.###...#
#.....#
#######.#
###.# #####.#


#gg♣ggg.# #.# #.# #.####g## ##.## #.# #. #..# #...# #.# #. ##.####...### #># #.#
#.gh........# #.# #.# #.g.........# #.# #.# ##.._........#
##.###.###...g..#...### #..#............#...##### You could see Robin and 5
goblins.

Vanquished Creatures
  Natasha (thrice) (D:2)
  A gnoll (D:1)
  An adder (D:2)
  A dart slug (D:2)
  A bat (D:1)
  4 endoplasms (D:1)
  9 goblins
  4 hobgoblins
  4 jackals (D:2)
  4 quokkas (D:1)
  2 ball pythons
  A frilled lizard (D:1)
  A kobold (D:1)
  6 rats
42 creatures vanquished.

Notes
Turn   | Place    | Note
-------+----------+-------------------------------------------
     0 | D:1      | clackabat the Gargoyle Monk began the quest for the Orb.
     0 | D:1      | Reached XP level 1. HP: 14/14 MP: 1/1
   309 | D:1      | Reached XP level 2. HP: 11/20 MP: 2/2
   469 | D:1      | Reached skill level 4 in Fighting
   483 | D:1      | Found a faded altar of an unknown god.
   511 | D:1      | Prayed at the altar of an unknown god.
   511 | D:1      | Became a worshipper of Sif Muna the Loreminder
   511 | D:1      | Reached * piety under Sif Muna
   511 | D:1      | Reached ** piety under Sif Muna
   870 | D:1      | Reached XP level 3. HP: 20/24 MP: 3/3
  1146 | D:1      | Reached *** piety under Sif Muna
  1880 | D:2      | Found a stormy altar of Qazlal.
  1886 | D:2      | Noticed Robin
  2074 | D:2      | Reached skill level 5 in Fighting
  2110 | D:2      | Noticed Natasha
  2156 | D:2      | Killed Natasha
  2157 | D:2      | Reached XP level 4. HP: 10/31 MP: 4/4
  2665 | D:2      | Noticed Natasha
  2684 | D:2      | Killed Natasha
  2920 | D:2      | Noticed Natasha
  2921 | D:2      | Identified the +6 dagger of Sloth {vamp, rPois rF+ rC+
                  | Stlth+}
  2933 | D:2      | Killed Natasha
  2934 | D:2      | Reached XP level 5. HP: 36/36 MP: 5/5
  2956 | D:2      | Mangled by a goblin

Illustrated notes

Levels and vault maps discovered:
D:1:      dpeg_arrival_rooms_b, layout_basic,
          hellmonk_ecumenical_altar_heavens_door, minmay_tetromino_t4
D:2:      layout_loops_ring, basic_altar, uniq_natasha, uniq_robin

Skill      XL: |  1  2  3 |
---------------+----------+-----
Fighting       | 4 5 |  5.6
Maces & Flails | |  3.8
Dodging        | |  2.4
Stealth        | |  2.1

Action                   |  1- 3 |  4- 6 || total
-------------------------+-------+-------++-------
Melee: Mace              |    55 |    67 ||   122
       Whip              |    55 |       ||    55
       Punch             |     1 |       ||     1
  Use: Scroll            |       |     1 ||     1
       Potion            |       |     3 ||     3
 Stab: Sleeping          |     4 |       ||     4
Armor: Robe              |    29 |     5 ||    34
       Leather armour    |       |    27 ||    27
       Skin              |       |     1 ||     1
Dodge: Dodged            |    47 |    49 ||    96
